 Dungeon Crawl Stone Soup version 0.29-a0-321-gf1c400731a (webtiles) character file.

Game seed: 17764771614191782623

36 YayAnonymity the Shield-Bearer (level 3, 0/29 HPs)
             Began as a Formicid Fighter on Apr 4, 2022.
             Slain by a gnoll
             ... wielding a +0 flail
              (7 damage)
             ... on level 2 of the Dungeon.
             The game lasted 00:01:55 (1144 turns).

YayAnonymity the Shield-Bearer (Formicid Fighter)   Turns: 1144, Time: 00:01:56

Health: 0/29       AC:  6    Str: 22    XL:     3   Next: 57%
Magic:  3/3        EV:  9    Int:  7    God:
Gold:   133        SH:  4    Dex: 10    Spells: 2/2 levels left

rFire   . . .      SeeInvis +   a - +0 war axe
rCold   . . .      Faith    .   c - +0 buckler
rNeg    . . .      Spirit   .   b - +0 scale mail
rPois   .          Reflect  .   (helmet unavailable)
rElec   .          Harm     .   (no cloak)
rCorr   .          Rampage  .   (no gloves)
Will    .....                   (no boots)
Stlth   ..........              (no amulet)
HPRegen 0.09/turn               (no ring)
MPRegen 0.08/turn               (no ring)

@: no status effects
A: permanent stasis, dig shafts and tunnels, antennae 3, four strong arms
a: Dig, Shaft Self


You were on level 2 of the Dungeon.
You visited 1 branch of the dungeon, and saw 2 of its levels.

You collected 133 gold pieces.

Inventory:

Hand Weapons
 a - a +0 war axe (weapon)
Armour
 b - a +0 scale mail (worn)
 c - a +0 buckler (worn)
Scrolls
 e - a scroll of summoning {unknown}
 f - 2 scrolls of teleportation {unknown}
 h - 3 scrolls of identify {unknown}
 i - 2 scrolls of magic mapping {unknown}
 l - a scroll of enchant armour {unknown}
Potions
 d - a potion of might
 g - 2 potions of lignification {unknown}
 j - a potion of brilliance {unknown}
 k - a potion of cancellation {unknown}


   Skills:
 + Level 3.6 Fighting
 * Level 2.8 Axes
 + Level 3.6 Armour
 - Level 4.0 Shields


You had 2 spell levels left.
You didn't know any spells.
Your spell library was empty.

Dungeon Overview and Level Annotations

Branches:
Dungeon (2/15)

Altars:
Beogh

Shops:
D:2 [


Innate Abilities, Weirdness & Mutations

You cannot be hasted, slowed, berserked, paralysed or teleported.
You can dig through walls and to a lower floor.
You have a pair of large antennae on your head. (SInv)
Your four strong arms can wield two-handed weapons with a shield.


Message History

The kobold shouts!
You block the kobold's attack.
You closely miss the kobold. You block the kobold's attack.
You hit the kobold but do no damage.
The kobold hits you with a +0 short sword.
The kobold hits you but does no damage.
You closely miss the kobold.
The kobold hits you with a +0 short sword.
You closely miss the kobold. The kobold hits you but does no damage.
You block the kobold's attack.
You slash the kobold!
You kill the kobold!
No target in view!
Things that are here:
a +0 short sword; 3 stones; a kobold corpse
There is an open door here.
A gnoll comes into view. It is wielding a +0 flail.
The gnoll shouts!
A gnoll is nearby!
A gnoll comes into view. It is wielding a +0 spear.
Found a stone staircase leading down.
The gnoll shouts!
A gnoll comes into view. It is wielding a +0 spear.
The gnoll barely misses you.
You barely miss the gnoll. The gnoll hits you with a +0 flail!
You slash the gnoll!
The gnoll is heavily wounded.
The gnoll hits you but does no damage. The gnoll closely misses you.
The gnoll barely misses you.
The gnoll hits you from afar with a +0 spear!
The gnoll closely misses you.
You hit the gnoll.
The gnoll is almost dead.
The gnoll hits you from afar with a +0 spear. x2
* * * LOW HITPOINT WARNING * * *
You block the gnoll's attack.
You are too injured to fight recklessly!
The gnoll attacks as you move away! The gnoll barely misses you.
The gnoll attacks as you move away! The gnoll hits you with a +0 flail!
You die...

..#######.###.###..........
..# #.# # #.......... ..#
####†###.# #.......... ..#
#........# #..........
######........+ +..........
...........)).# #..........
..)...........###gg...?....
...)..........#.g....$.....
..............#.@.#.#####..
..............#...#.# #
..............#...#.#
......#######.#...#.#
.....## .#.....# .....#
#.#...###
.....########.#...#
..............#.###
..............#.#


You could see 3 gnolls.

Vanquished Creatures
  An adder (D:2)
  A dart slug (D:1)
  2 endoplasms
  4 hobgoblins
  4 jackals (D:1)
  A quokka (D:1)
  3 ball pythons
  3 bats
  A frilled lizard (D:1)
  3 kobolds
  2 rats (D:1)
25 creatures vanquished.

Notes
Turn   | Place    | Note
-------+----------+-------------------------------------------
     0 | D:1      | YayAnonymity the Formicid Fighter began the quest for the
                  | Orb.
     0 | D:1      | Reached XP level 1. HP: 18/18 MP: 1/1
   151 | D:1      | Reached XP level 2. HP: 24/24 MP: 2/2
   586 | D:1      | Found a faded altar of an unknown god.
   788 | D:2      | Found Evosir's Antique Armour Emporium.
   857 | D:2      | Reached XP level 3. HP: 26/29 MP: 3/3
   898 | D:2      | Reached skill level 4 in Shields
  1144 | D:2      | Slain by a gnoll

Illustrated notes

Levels and vault maps discovered:
D:1:      dpeg_arrival_short_road, layout_loops_ring,
          hellmonk_ecumenical_altar_defaced_shrine, minmay_distorted
D:2:      layout_basic, serial_shops, nicolae_shop_overgrown_old_shop

Skill      XL: |  1  2  3 |
---------------+----------+-----
Shields        | 4 |  4.0
Fighting       | |  3.6
Axes           | |  2.8
Armour         | |  3.6

Action                   || total
-------------------------++-------
Melee: War axe           ||    72
 Abil: Dig               ||     1
Armor: Scale mail        ||    31
Dodge: Dodged            ||    57
Block: Buckler           ||    24

Table legend: (Time is in decaauts)
 A = Elapsed time spent in this place.
 B = Non-inter-level travel time spent in this place.
 C = Inter-level travel time spent in this place.
 D = Time resting spent in this place.
 E = Time spent auto-exploring this place.
 F = Levels seen in this place.
 G = Mean time per level.
                   A        B        C        D        E       F      G
               +--------+--------+--------+--------+--------+-----+--------+
         Total |   1172 |   1156 |     16 |      0 |    951 |   2 |  586.0 |
       Dungeon |   1172 |   1156 |     16 |      0 |    951 |   2 |  586.0 |
               +--------+--------+--------+--------+--------+-----+--------+

Top non-repeatable levels by time:
     D:1: 789 daAuts
     D:2: 383 daAuts
